 Dungeon Crawl Stone Soup version 0.26-a0-651-gb41185065b (webtiles) character file.

Game seed: 17037223990158367451

8415 Flugslaktarn the Cleaver (level 11, -2/106 HPs)
             Began as a Deep Dwarf Fighter on Oct 8, 2020.
             Was a Believer of Makhleb.
             Slain by an unseen horror (5 damage)
             ... on level 10 of the Dungeon.
             The game lasted 00:03:49 (4135 turns).

Flugslaktarn the Cleaver (Deep Dwarf Fighter)       Turns: 4135, Time: 00:03:50

Health: -2/106     AC: 13    Str: 23    XL:     11   Next: 9%
Magic:  5/5        EV:  9    Int:  9    God:    Makhleb [**....]
Gold:   558        SH: 10    Dex: 12    Spells: 10/10 levels left

rFire    + . .     SeeInvis .   a - +0 war axe
rCold    . . .     Faith    .   c - +0 kite shield
rNeg     . . .     Spirit   .   g - +3 chain mail {rF+}
rPois    .         Reflect  .   (no helmet)
rElec    .         Harm     .   (no cloak)
rCorr    .         Rampage  .   (no gloves)
MR       +....                  (no boots)
Stlth    ..........             (no amulet)
HPRegen  0.00/turn              j - ring of flight
MPRegen  0.09/turn              (no ring)

@: non-regenerating, lightly drained
A: damage resistance, heal wounds, sense surroundings 2, no regeneration
a: Heal Wounds, Minor Destruction, Renounce Religion, Evoke Flight


You were on level 10 of the Dungeon.
You worshipped Makhleb.
Makhleb was pleased with you.
You visited 2 branches of the dungeon, and saw 11 of its levels.
You also visited: Ossuary.

You collected 558 gold pieces.

Inventory:

Hand Weapons
 a - a +0 war axe (weapon)
Armour
 b - a +0 scale mail
 c - a +0 kite shield (worn)
 g - a +3 chain mail of fire resistance (worn)
   (You found it on level 3 of the Dungeon)
 v - a +0 plate armour
   (You found it on level 10 of the Dungeon)
Jewellery
 d - an uncursed ring of fire {unknown}
   (You found it on level 9 of the Dungeon)
 j - a ring of flight (left hand)
   (You found it on level 3 of the Dungeon)
 y - an uncursed ring of protection from magic {unknown}
   (You found it on level 10 of the Dungeon)
Wands
 s - a wand of acid (8)
   (You found it in an ossuary)
 u - a wand of iceblast (4)
   (You found it in an ossuary)
Scrolls
 l - a scroll of immolation
 t - 3 scrolls of teleportation
 x - 8 scrolls of remove curse
Potions
 e - a potion of stabbing
 f - a potion of flight
 h - 2 potions of brilliance {unknown}
 i - 3 potions of berserk rage
 k - a potion of magic {unknown}
 m - 2 potions of heal wounds {unknown}
 n - a potion of cancellation {unknown}
 o - 4 potions of degeneration
 p - a potion of resistance {unknown}
 q - 8 potions of curing
 r - a potion of invisibility {unknown}
 w - a potion of ambrosia {unknown}
 z - a potion of haste


   Skills:
 * Level 9.2 Fighting
 * Level 10.5 Axes
 + Level 8.1 Armour
 + Level 5.9 Dodging
 - Level 5.3 Shields
 + Level 6.2 Invocations
 + Level 2.0 Evocations


You had 10 spell levels left.
You didn't know any spells.
Your spell library was empty.

Dungeon Overview and Level Annotations

Branches:
Dungeon (10/15)            Temple (1/1) D:6         Ossuary (visited)
   Lair: D:8-11         Orc: D:9-12

Altars:
Ashenzari
Cheibriados
Dithmenos
Elyvilon
Fedhas
Gozag
Hepliaklqana
Kikubaaqudgha
Makhleb
Okawaru
Qazlal
Sif Muna
Trog
Uskayaw
Vehumet
Wu Jian
Xom
Yredelemnul
Zin
The Shining One
Beogh

Shops:
D:5 (   D:6 *

Portals:
Sewer: D:3

Annotations:
D:4 3 runed translucent doors, Flugslaktarn's ghost, amateur DDFi


Innate Abilities, Weirdness & Mutations

You are resistant to damage.
You can heal yourself by infusing magical energy.
You passively map the area around you.
You do not regenerate.


Message History

You hit something but do no damage. Something hits you but does no damage.
You swing at nothing.
Something hits you.
* * * LOW HITPOINT WARNING * * *
You completely miss something.
Something hits you but does no damage. x2
You closely miss something. You block something's attack.
You swing at nothing.
Something hits you.
* * * LOW HITPOINT WARNING * * *
You slash something! Something hits you but does no damage.
You swing at nothing.
Something hits you but does no damage.
You swing at nothing.
Something hits you. x2
* * * LOW HITPOINT WARNING * * *
You slash something! Something hits you but does no damage.
You swing at nothing.
Something hits you.
* * * LOW HITPOINT WARNING * * *
Something hits you.
* * * LOW HITPOINT WARNING * * *
You barely miss something. Something hits you!
* * * LOW HITPOINT WARNING * * *
You swing at nothing.
Something hits you!
You die...

# ######### * * *** ###.......# ,
.##.#####.# * * *, #.#.#####[###
, * ............# , ,
#.#.#####.#.# * , ,
.##.#####.#.########## ,* **
.......<..#..........# ,
####.#########.#@###.# .....#
####.#.###.# #.##.# #..........#
#...# .....######.##.......#
#...#
..##.#......##.##)#..######...###
####.#......##.†.................
####.#......##.#...).............
†....#.....###.#.....#...........
######.....# #.#.....#.####...#*


There were no monsters in sight!

Vanquished Creatures
  Erolcha (D:9)
  Fannar (D:10)
  Erica (D:9)
  2 two-headed ogres (D:8)
  Psyche (D:10)
  A troll (D:10)
  A hornet (D:10)
  2 hippogriffs
  Sigmund (D:3)
  A wraith (Ossuary)
  A wyvern (D:9)
  Eustachio (D:4)
  Edmund (D:5)
  2 water moccasins
  A black bear (D:8)
  2 orc warriors (D:6)
  A sky beast (D:9)
  2 necrophages
  5 ogres
  2 centaurs
  A big kobold (D:8)
  3 bullfrogs (D:8)
  A water moccasin skeleton (D:9)
  A wyvern skeleton (D:10)
  7 killer bees (D:9)
  6 howler monkeys
  7 hounds
  2 jellies (D:6)
  A bullfrog skeleton (D:9)
  3 centaur skeletons
  4 orc priests
  Ijyb (D:5)
  4 iguanas
  3 orc wizards
  6 worker ants
  2 worker ant zombies
  6 gnolls
  13 adders
  2 shadow imps
  4 white imps
  2 ufetubi
  An adder zombie (Ossuary)
  2 adder skeletons
  A dart slug (D:2)
  2 leopard geckos
  14 orcs
  2 bats (D:3)
  4 giant cockroaches
  A goblin (D:2)
  A hobgoblin (D:3)
  4 jackals (D:5)
  9 kobolds
  2 quokkas (D:4)
  2 goblin zombies (D:5)
  2 rats
156 creatures vanquished.

Vanquished Creatures (others)
  An orc wizard (D:6)
  43 plants (D:8)
  9 toadstools (D:3)
53 creatures vanquished.

Grand Total: 209 creatures vanquished

Notes
Turn   | Place    | Note
-------+----------+-------------------------------------------
     0 | D:1      | Flugslaktarn the Deep Dwarf Fighter began the quest for the
                  | Orb.
     0 | D:1      | Reached XP level 1. HP: 20/20 MP: 1/1
   100 | D:3      | Noticed a hound
   102 | D:3      | Reached XP level 2. HP: 24/27 MP: 2/2
   120 | D:3      | Reached skill level 3 in Axes
   120 | D:3      | Reached XP level 3. HP: 28/34 MP: 3/3
   137 | D:3      | Found a glowing drain.
   231 | D:3      | Noticed Sigmund
   254 | D:3      | Reached XP level 4. HP: 32/42 MP: 4/4
   280 | D:3      | Killed Sigmund
   280 | D:3      | Reached skill level 4 in Axes
   280 | D:3      | Reached XP level 5. HP: 30/50 MP: 4/4
   420 | D:4      | Found a broken altar of Ashenzari.
   424 | D:4      | Found a blossoming altar of Fedhas.
   424 | D:4      | Found an iron altar of Okawaru.
   440 | D:4      | Noticed an ogre
   449 | D:4      | Killed an ogre
   449 | D:4      | Reached XP level 6. HP: 33/57 MP: 4/4
   519 | D:4      | Noticed Eustachio
   540 | D:4      | Killed Eustachio
   540 | D:4      | Reached skill level 5 in Axes
   547 | D:4      | Reached XP level 7. HP: 62/66 MP: 5/5
   618 | D:4      | Identified the cursed +1 spear "Joell" {freeze, Str+2}
   618 | D:4      | Noticed Flugslaktarn's ghost (amateur DDFi)
   619 | D:4      | Found a runed translucent gate.
   619 | D:4      | Found a runed translucent gate.
   619 | D:4      | Found a runed translucent gate.
   621 | D:4      | Found a roughly hewn altar of Beogh.
   935 | D:5      | Entered Level 5 of the Dungeon
   956 | D:5      | Reached skill level 5 in Fighting
  1007 | D:5      | Reached skill level 5 in Armour
  1007 | D:5      | Reached skill level 5 in Shields
  1117 | D:5      | Noticed Edmund
  1127 | D:5      | Reached skill level 6 in Axes
  1136 | D:5      | Killed Edmund
  1136 | D:5      | Reached XP level 8. HP: 35/75 MP: 5/5
  1158 | D:5      | Found Cocial's Weapon Shop.
  1286 | D:5      | Found a glowing golden altar of the Shining One.
  1345 | D:5      | Noticed Ijyb
  1355 | D:5      | Killed Ijyb
  1381 | D:5      | Found a sand-covered staircase.
  1390 | Ossuary  | Entered an ossuary
  1454 | Ossuary  | Noticed a flying skull
  1515 | Ossuary  | Reached skill level 1 in Dodging
  1700 | D:6      | Found an iron altar of Okawaru.
  1750 | D:6      | Reached skill level 7 in Axes
  1853 | D:6      | Found a staircase to the Ecumenical Temple.
  1871 | Temple   | Entered the Ecumenical Temple
  1995 | Temple   | Became a worshipper of Makhleb the Destroyer
  2029 | D:6      | Found Teutha Utwe's General Store.
  2213 | D:6      | Reached skill level 1 in Invocations
  2304 | D:7      | Noticed a hippogriff
  2313 | D:7      | Killed a hippogriff
  2313 | D:7      | Gained mutation: You passively map the area around you.
                  | [Deep Dwarf growth]
  2313 | D:7      | Reached XP level 9. HP: 45/85 MP: 2/4
  2493 | D:7      | Reached skill level 8 in Axes
  2996 | D:8      | Reached * piety under Makhleb
  3086 | D:8      | Noticed a two-headed ogre
  3090 | D:8      | Noticed a two-headed ogre
  3096 | D:8      | Killed a two-headed ogre
  3111 | D:8      | Killed a two-headed ogre
  3111 | D:8      | Reached skill level 9 in Axes
  3111 | D:8      | Reached XP level 10. HP: 63/96 MP: 4/6
  3509 | D:9      | Found a basalt altar of Yredelemnul.
  3509 | D:9      | Noticed a rust devil
  3509 | D:9      | Noticed a rust devil
  3509 | D:9      | Noticed an orange demon
  3509 | D:9      | Noticed a hell beast
  3517 | D:9      | Noticed Erolcha
  3527 | D:9      | Killed Erolcha
  3592 | D:9      | Reached skill level 5 in Dodging
  3592 | D:9      | Reached skill level 5 in Invocations
  3654 | D:9      | Reached ** piety under Makhleb
  3710 | D:9      | Noticed Erica
  3735 | D:9      | Killed Erica
  3735 | D:9      | Reached skill level 10 in Axes
  3799 | D:10     | Entered Level 10 of the Dungeon
  3834 | D:10     | Paralysed by a hornet for 1 turns
  3839 | D:10     | Reached skill level 1 in Evocations
  3853 | D:10     | Noticed Fannar
  3890 | D:10     | Killed Fannar
  3890 | D:10     | Reached XP level 11. HP: 66/106 MP: 5/5
  4011 | D:10     | Noticed Psyche
  4016 | D:10     | Paralysed by Psyche for 3 turns
  4028 | D:10     | Killed Psyche
  4134 | D:10     | HP: 3/106 [something (4)]
  4135 | D:10     | Slain by an unseen horror

Illustrated notes

Levels and vault maps discovered:
D:1:      ncdulo_watergridlock, layout_basic, hangedman_decor_points,
          minmay_split_cup_large
D:2:      layout_basic, nemelex_xobeh_ov_fountains_minmay, lemuel_tele_altar,
          uniq_terence
D:3:      cheibrodos_fertilizer, layout_basic, gup_sewer_entry_glass,
          lemuel_another_geyser, uniq_sigmund
D:4:      lemuel_upstairs_altar, layout_basic, grunt_temple_overflow_open,
          biasface_ghost_orc_armoury, uniq_eustachio
D:5:      layout_cave_pools, old_standard_altar, enter_ossuary_4, serial_shops,
          kennysheep_little_box, uniq_ijyb, uniq_edmund
D:6:      layout_rooms, minmay_temple_entry_crystal_x, serial_shops, shop,
          okawaru_trees_1
D:7:      layout_loops_ring, minmay_misc_feat_doors
D:8:      layout_basic, david_lair_shrubbed
D:9:      layout_loops_ring, nicolae_ru_sacrificial_ziggurat,
          lemuel_hellish_altar, uniq_erica, uniq_erolcha
D:10:     layout_loops_cross, serial_shops, shop, uniq_fannar, uniq_harold,
          uniq_psyche, uniq_nergalle
Temple:   eino_temple_rhombus

Skill      XL: |  1  2  3  4  5  6  7  8  9 10 11 |
---------------+----------------------------------+-----
Fighting       | 3 4 5 6 7 9 |  9.2
Axes           | 3 4 5 6 7 9 10 | 10.5
Armour         | 4 5 6 7 8 |  8.1
Shields        | 4 5 |  5.3
Dodging        | 2 4 5 |  5.9
Invocations    | 1 4 6 |  6.2
Evocations     | 1 2 |  2.0

Action                   |  1- 3 |  4- 6 |  7- 9 | 10-12 || total
-------------------------+-------+-------+-------+-------++-------
Melee: War axe           |    56 |    71 |   348 |   295 ||   770
 Abil: Heal Wounds       |     1 |     3 |    15 |    15 ||    34
Evoke: Wand              |       |       |       |     9 ||     9
  Use: Potion            |       |       |     1 |     1 ||     2
       Scroll            |       |       |    15 |       ||    15
Armor: Scale mail        |    26 |       |       |       ||    26
       Chain mail        |    25 |    45 |   217 |   248 ||   535
Dodge: Dodged            |    26 |    17 |   113 |   127 ||   283
Block: Kite shield       |    44 |    42 |   223 |   218 ||   527

Table legend: (Time is in decaauts)
 A = Elapsed time spent in this place.
 B = Non-inter-level travel time spent in this place.
 C = Inter-level travel time spent in this place.
 D = Time resting spent in this place.
 E = Time spent auto-exploring this place.
 F = Levels seen in this place.
 G = Mean time per level.
                   A        B        C        D        E       F      G
               +--------+--------+--------+--------+--------+-----+--------+
         Total |   4347 |   4218 |    129 |      0 |   2627 |  12 |  362.2 |
       Dungeon |   4008 |   3897 |    111 |      0 |   2437 |  10 |  400.8 |
        Temple |    130 |    112 |     18 |      0 |    110 |   1 |  130.0 |
       Ossuary |    208 |    208 |      0 |      0 |     80 |   1 |  208.0 |
               +--------+--------+--------+--------+--------+-----+--------+

Top non-repeatable levels by time:
     D:7: 707 daAuts
     D:5: 601 daAuts
     D:8: 588 daAuts
     D:4: 575 daAuts
     D:6: 440 daAuts
    D:10: 348 daAuts
     D:9: 330 daAuts
     D:3: 314 daAuts
 Ossuary: 208 daAuts
  Temple: 130 daAuts
     D:1: 56 daAuts
     D:2: 45 daAuts
